 Dungeon Crawl Stone Soup version 0.26-a0-611-g354ed81502 (webtiles) character file.

Game seed: 16390366186216398537

465 Peloso the Shield-Bearer (level 6, -15/53 HPs)
             Began as a Minotaur Fighter on Sept 6, 2020.
             Demolished by a two-headed ogre
             ... wielding a +0 giant spiked club
              (20 damage)
             ... on level 7 of the Dungeon.
             The game lasted 00:09:54 (3988 turns).

Peloso the Shield-Bearer (Minotaur Fighter)         Turns: 3988, Time: 00:09:56

Health: -15/53     AC: 11    Str: 21    XL:     6   Next: 80%
Magic:  5/5        EV:  6    Int:  5    God:
Gold:   168        SH: 10    Dex:  7    Spells: 5/5 levels left

rFire    + . .     SeeInvis .   b - +4 dagger
rCold    + . .     Faith    .   c - +1 kite shield
rNeg     . . .     Spirit   .   t - +0 chain mail
rPois    +         Reflect  .   (helmet restricted)
rElec    +         Harm     .   (no cloak)
rCorr    +                      r - +0 pair of gloves
MR       .....                  (no boots)
Stlth    ..........             w - amulet of inaccuracy (curse)
HPRegen  0.17/turn              i - -4 ring of dexterity (curse)
MPRegen  0.09/turn              u - ring of resist corrosion

@: resistant, stab, flying
A: retaliatory headbutt, horns 2
a: no special abilities


You were on level 7 of the Dungeon.
You visited 1 branch of the dungeon, and saw 7 of its levels.

You collected 168 gold pieces.

Inventory:

Hand Weapons
 a - a +0 long sword
 b - a +4 dagger (weapon)
Armour
 c - a +1 kite shield (worn)
 o - a +0 scale mail
 r - a +0 pair of gloves (worn)
 t - a +0 chain mail (worn)
Jewellery
 d - an uncursed ring of protection from fire {unknown}
 e - an uncursed ring of positive energy
 i - a cursed -4 ring of dexterity (left hand)
 j - an uncursed ring of poison resistance
 s - an uncursed ring of stealth
 u - a ring of resist corrosion (right hand)
 w - a cursed amulet of inaccuracy (around neck)
Scrolls
 f - a scroll of fog
 m - a scroll of amnesia
 v - a scroll of identify
Potions
 n - a potion of curing


   Skills:
 + Level 4.7 Fighting
 + Level 1.0(3.0) Short Blades
 + Level 4.9(5.0) Long Blades
 + Level 5.4 Armour
 + Level 2.1 Dodging
 + Level 0.4 Stealth
 + Level 5.5 Shields


You had 5 spell levels left.
You didn't know any spells.
Your spell library was empty.

Dungeon Overview and Level Annotations

Branches:
Dungeon (8/15)
 Temple: D:4-7         Lair: D:8-11

Altars:
Elyvilon
Makhleb
Nemelex Xobeh
Yredelemnul
Zin


Innate Abilities, Weirdness & Mutations

You reflexively headbutt those who attack you in melee.
You have a pair of horns on your head.


Message History

The two-headed ogre is lightly wounded.
The two-headed ogre hits you with a +0 giant spiked club!
* * * LOW HITPOINT WARNING * * *
The two-headed ogre hits you with a +0 giant club!
* * * LOW HITPOINT WARNING * * *
You barely miss the two-headed ogre.
Your headbutt misses the two-headed ogre.
The two-headed ogre is lightly wounded.
The two-headed ogre completely misses you.
You furiously retaliate!
You headbutt the two-headed ogre! The two-headed ogre barely misses you.
You feel much better.
Okay, then.
You hit the two-headed ogre but do no damage.
Your headbutt misses the two-headed ogre.
The two-headed ogre is moderately wounded.
The two-headed ogre hits you with a +0 giant spiked club!!
* * * LOW HITPOINT WARNING * * *
The two-headed ogre hits you with a +0 giant club!!
You die...

######
##...[
#####
###@###
#8.O.8#
##.....##
#8.....8#
##.....##
#8...8#
#.....#
8.....8#
##.....##


You could see a two-headed ogre.

Vanquished Creatures
  An ogre (D:4)
  An orc priest (D:4)
  4 hounds (D:4)
  An orc wizard (D:5)
  An iguana (D:8)
  Robin (D:4)
  5 adders
  A gnoll (D:1)
  An ooze (D:3)
  An adder skeleton (D:4)
  A worm (D:2)
  7 dart slugs
  2 leopard geckos (D:2)
  5 orcs
  6 giant cockroaches
  14 goblins
  11 hobgoblins
  2 jackals (D:3)
  6 kobolds
  3 bats
  4 frilled lizards
  7 rats
85 creatures vanquished.

Vanquished Creatures (others)
  4 plants (D:1)
4 creatures vanquished.

Grand Total: 89 creatures vanquished

Notes
Turn   | Place    | Note
-------+----------+-------------------------------------------
     0 | D:1      | Peloso the Minotaur Fighter began the quest for the Orb.
     0 | D:1      | Reached XP level 1. HP: 19/19 MP: 0/0
    25 | D:1      | Reached XP level 2. HP: 26/27 MP: 1/1
   168 | D:1      | Reached XP level 3. HP: 31/33 MP: 2/2
   911 | D:2      | Found a basalt altar of Yredelemnul.
   996 | D:2      | Found a white marble altar of Elyvilon.
  1039 | D:2      | Reached XP level 4. HP: 34/40 MP: 3/3
  1686 | D:2      | Found a faded altar of an unknown god.
  1997 | D:3      | Found a burning altar of Makhleb.
  2272 | D:3      | Reached skill level 1 in Dodging
  2379 | D:3      | Reached XP level 5. HP: 46/46 MP: 4/4
  2492 | D:4      | Noticed Robin
  2537 | D:4      | Killed Robin
  2725 | D:4      | Found a glowing silver altar of Zin.
  2758 | D:4      | Reached skill level 5 in Shields
  3052 | D:4      | Found a burning altar of Makhleb.
  3228 | D:4      | Noticed an ogre
  3231 | D:4      | Killed an ogre
  3231 | D:4      | Reached skill level 5 in Armour
  3231 | D:4      | Reached XP level 6. HP: 53/53 MP: 5/5
  3444 | D:5      | Entered Level 5 of the Dungeon
  3534 | D:5      | You fall into a shaft and drop 3 floors!
  3539 | D:8      | Noticed a two-headed ogre
  3568 | D:8      | Reached skill level 1 in Short Blades
  3587 | D:8      | Noticed an orc warrior
  3617 | D:7      | Found a sparkling altar of Nemelex Xobeh.
  3977 | D:8      | Noticed an ice beast
  3988 | D:7      | Demolished by a two-headed ogre

Illustrated notes

Levels and vault maps discovered:
D:1:      psy_arrival_dodecagon, layout_rooms, serial_forest,
          infiniplex_forest_end_3, infiniplex_forest_end_1,
          infiniplex_forest_clump_tiny, infiniplex_forest_clump_medium,
          infiniplex_forest_clump_long, infiniplex_forest_clump_medium,
          infiniplex_forest_clump_medium, infiniplex_forest_clump_curved,
          infiniplex_forest_lined_room_, hangedman_feature_mirror, minivault_4
D:2:      layout_basic, lemuel_crystal_altar, nicolae_overflow_crystal_walls,
          chequers_ecumenical_altar_simple
D:3:      layout_basic, bloody_makhleb
D:4:      layout_loops_cross, old_standard_altar, lemuel_crystal_altar,
          uniq_robin
D:5:      layout_cave_pools, lemuel_round_altar,
          grunt_dithmenos_smoke_and_mirrors, gup_sewer_entry_bowl,
          uniq_crazy_yiuf_cottage
D:7:      layout_loops_ring, nicolae_overflow_hidden_temple, st_stairs_9
D:8:      minmay_the_grid_square_5x5_3x3 [minmay_the_grid_square_5x5_inner_z,
          minmay_the_grid_square_5x5_intrusive_squares,
          minmay_the_grid_square_5x5_lines,
          minmay_the_grid_square_5x5_checkered_sparse,
          minmay_the_grid_square_5x5_megaprize_open,
          minmay_the_grid_square_5x5_slash, minmay_the_grid_square_5x5_spiral,
          minmay_the_grid_square_5x5_plus,
          minmay_the_grid_square_5x5_six_small], layout_basic, uniq_maurice

Skill      XL: |  1  2  3  4  5  6 |
---------------+-------------------+-----
Shields        | 4 5 |  5.5
Armour         | 4 5 |  5.4
Fighting       | 4 |  4.7
Long Blades    | 3 4 |  4.9
Dodging        | 1 2 |  2.1
Short Blades   | 1 |  1.0
Stealth        | |  0.4

Action                   |  1- 3 |  4- 6 || total
-------------------------+-------+-------++-------
Melee: Long sword        |    94 |   177 ||   271
       Headbutt          |    10 |    14 ||    24
       Dagger            |       |    74 ||    74
  Use: Potion            |     2 |     7 ||     9
       Scroll            |       |    12 ||    12
Armor: Scale mail        |    47 |   102 ||   149
       Chain mail        |       |    18 ||    18
Dodge: Dodged            |    30 |    77 ||   107
Block: Kite shield       |    53 |   133 ||   186
       Rpst.: Long sword |    11 |    18 ||    29

Table legend: (Time is in decaauts)
 A = Elapsed time spent in this place.
 B = Non-inter-level travel time spent in this place.
 C = Inter-level travel time spent in this place.
 D = Time resting spent in this place.
 E = Time spent auto-exploring this place.
 F = Levels seen in this place.
 G = Mean time per level.
                   A        B        C        D        E       F      G
               +--------+--------+--------+--------+--------+-----+--------+
         Total |   4066 |   4033 |     33 |    352 |   2726 |   7 |  580.9 |
       Dungeon |   4066 |   4033 |     33 |    352 |   2726 |   7 |  580.9 |
               +--------+--------+--------+--------+--------+-----+--------+

Top non-repeatable levels by time:
     D:4: 1118 daAuts
     D:1: 936 daAuts
     D:2: 868 daAuts
     D:3: 650 daAuts
     D:7: 374 daAuts
     D:8: 78 daAuts
     D:5: 39 daAuts
